 Dungeon Crawl Stone Soup version 0.28.0-53-g5a82cb258f (webtiles) character file.

Game seed: 16550666674306794447

9 JooJoo the Shield-Bearer (level 2, -2/27 HPs)
             Began as a Minotaur Fighter on July 26, 2022.
             Frozen to death by an endoplasm (5 damage)
             ... on level 2 of the Dungeon.
             The game lasted 00:05:25 (179 turns).

JooJoo the Shield-Bearer (Minotaur Fighter)          Turns: 179, Time: 00:05:28

Health: -2/27      AC:  7    Str: 20    XL:     2   Next: 3%
Magic:  1/1        EV:  9    Int:  5    God:
Gold:   21         SH:  4    Dex:  9    Spells: 1/1 levels left

rFire   . . .      SeeInvis .   a - +0 war axe
rCold   . . .      Faith    .   c - +0 buckler
rNeg    . . .      Spirit   .   b - +0 scale mail
rPois   .          Reflect  .   (helmet restricted)
rElec   .          Harm     .   (no cloak)
rCorr   .          Rampage  .   (no gloves)
Will    .....                   (no boots)
Stlth   ..........              (no amulet)
HPRegen 0.09/turn               (no ring)
MPRegen 0.07/turn               (no ring)

@: brilliant
A: horns 2, retaliatory headbutt
a: no special abilities


You were on level 2 of the Dungeon.
You visited 1 branch of the dungeon, and saw 2 of its levels.

You collected 21 gold pieces.

Inventory:

Hand Weapons
 a - a +0 war axe (weapon)
Missiles
 f - 17 bolts
 h - 24 arrows
Armour
 b - a +0 scale mail (worn)
 c - a +0 buckler (worn)
Potions
 d - a potion of might
 e - a potion of brilliance
 g - a potion of cancellation


   Skills:
 + Level 3.7 Fighting
 + Level 2.6 Axes
 + Level 3.7 Armour
 + Level 4.0 Shields


You had one spell level left.
You didn't know any spells.
Your spell library contained the following spells:

 Spells                   Type           Power      Damage    Failure   Level
 Corpse Rot               Necr/Air       0%         N/A       96%         2
 Poisonous Vapours        Pois/Air       0%         N/A       96%         2


Dungeon Overview and Level Annotations

Branches:
Dungeon (2/15)

Altars:
Fedhas


Innate Abilities, Weirdness & Mutations

You have a pair of horns on your head.
You reflexively headbutt those who attack you in melee.


Message History

An endoplasm comes into view.
The endoplasm quivers.
You see here 24 arrows.
h - 24 arrows The adder bites you.
You are poisoned.
The adder poisons you! You block the endoplasm's attack.
You closely miss the adder. Your headbutt misses the adder.
You hit the endoplasm.
You feel sick. The adder barely misses you. The endoplasm freezes you.
You are frozen.
The adder bites you but does no damage. The endoplasm barely misses you.
You barely miss the adder. You hit the endoplasm but do no damage.
You feel sick. The adder bites you.
You are more poisoned.
The adder poisons you! The endoplasm freezes you.
You are frozen.
The adder barely misses you.
You closely miss the adder. You hit the endoplasm but do no damage.
You feel sick. The adder barely misses you.
The endoplasm hits you but does no damage.
The adder misses you. The endoplasm freezes you.
You are frozen.
* * * LOW HITPOINT WARNING * * *
You feel sick. The adder misses you.
You feel sick.
You barely miss the endoplasm.
The endoplasm is heavily wounded.
You feel sick. You block the endoplasm's attack.
You don't know any spells.
It was a potion of cancellation.
You feel magically purged.
You feel sick.
The endoplasm hits you but does no damage.
It was a potion of brilliance.
You feel clever all of a sudden.
You feel sick.
You are no longer poisoned.
The endoplasm freezes you.
You are frozen.
You die...

## .. ... #. #.# ..
# #.# ##.# . #.#
#..# #. #.#
#.?###... #.####.#
#..?...#
#......###J##...##
###.....@JS......#
#......###...#.#
#......# ......
#......### #../.
#.†........##.#.
##.######### ...
##..### ## #.....#
#.....#######.######


You could see an adder and 2 endoplasms.

Vanquished Creatures
  A bat (D:2)
  2 endoplasms (D:2)
  2 hobgoblins
  A frilled lizard (D:2)
  2 rats
8 creatures vanquished.

Notes
Turn   | Place    | Note
-------+----------+-------------------------------------------
     0 | D:1      | JooJoo the Minotaur Fighter began the quest for the Orb.
     0 | D:1      | Reached XP level 1. HP: 19/19 MP: 0/0
   110 | D:2      | Found a blossoming altar of Fedhas.
   145 | D:2      | Reached skill level 4 in Shields
   150 | D:2      | Reached XP level 2. HP: 26/27 MP: 1/1
   179 | D:2      | Frozen to death by an endoplasm

Illustrated notes

Levels and vault maps discovered:
D:1:      dpeg_arrival_ratfight, layout_loops_cross, minmay_ruptured
D:2:      layout_loops_cross, serial_shops, shop, basic_altar, item_on_display_a

Skill      XL: |  1 |
---------------+----+-----
Shields        | 4 |  4.0
Fighting       | |  3.7
Axes           | |  2.6
Armour         | |  3.7

Action                   || total
-------------------------++-------
Melee: War axe           ||    25
       Headbutt          ||     1
  Use: Potion            ||     2
Armor: Scale mail        ||    12
Dodge: Dodged            ||    14
Block: Buckler           ||     6
